 Dungeon Crawl Stone Soup version 0.22-a0-40-g3d2f077 (webtiles) character file.

46 tidbits the Grave Robber (level 3, 25/25 HPs)
             Began as a Gnoll Necromancer on Jan 4, 2018.
             Quit the game on level 2 of the Dungeon.
             The game lasted 00:02:32 (390 turns).

tidbits the Grave Robber (Gnoll Necromancer)         Turns: 390, Time: 00:02:33

Health: 25/25      AC:  2    Str: 10    XL:     3   Next: 68%
Magic:  9/9        EV: 14    Int: 18    God:
Gold:   19         SH:  0    Dex: 15    Spells: 4/12 levels left

rFire    . . .     SeeInvis +   g - +0 hunting sling
rCold    . . .     Gourm    .   (no shield)
rNeg     . . .     Faith    .   a - +0 robe
rPois    .         Spirit   .   (no helmet)
rElec    .         Reflect  .   (no cloak)
rCorr    .         Harm     .   (no gloves)
MR       .....                  (no boots)
Stlth    +++.......             (no amulet)
HPRegen  0.08/turn              e - ring of see invisible
MPRegen  0.11/turn              (no ring)

@: no status effects
A: distributed training, fangs 1, strong nose
a: no special abilities


You were on level 2 of the Dungeon.
You were not hungry.

You visited 1 branch of the dungeon, and saw 2 of its levels.

You collected 19 gold pieces.

Inventory:

Hand Weapons
 g - a +0 hunting sling (weapon)
 h - a +0 flail
Missiles
 f - 48 stones (quivered)
 i - a throwing net {!f}
Armour
 a - a +0 robe (worn)
Jewellery
 e - a ring of see invisible (left hand)
   (You found it on level 1 of the Dungeon)
Scrolls
 d - 4 scrolls of identify {unknown}
Books
 b - a book of Necromancy

   Spells                             Type                      Level
   a - Pain                           Necromancy                   1
   b - Animate Skeleton               Necromancy                   1
   c - Vampiric Draining              Necromancy                   3
   d - Regeneration                   Charms/Necromancy            3
   e - Animate Dead                   Necromancy                   4
   f - Borgnjor's Vile Clutch         Necromancy/Earth             5
Comestibles
 c - 3 rations


   Skills:
 + Level 0.9 Fighting
 + Level 0.9 Short Blades
 + Level 0.9 Long Blades
 + Level 0.9 Axes
 + Level 0.9 Maces & Flails
 + Level 0.9 Polearms
 + Level 0.9 Staves
 + Level 0.9 Slings
 + Level 0.9 Bows
 + Level 0.9 Crossbows
 + Level 0.9 Throwing
 + Level 0.9 Armour
 + Level 4.5 Dodging
 + Level 4.2 Stealth
 + Level 0.9 Shields
 + Level 0.9 Unarmed Combat
 + Level 5.0 Spellcasting
 + Level 0.6 Conjurations
 + Level 0.6 Hexes
 + Level 0.6 Charms
 + Level 0.6 Summonings
 + Level 7.1 Necromancy
 + Level 0.6 Translocations
 + Level 0.6 Transmutations
 + Level 0.6 Fire Magic
 + Level 0.6 Ice Magic
 + Level 0.6 Air Magic
 + Level 0.6 Earth Magic
 + Level 0.6 Poison Magic
 + Level 1.0 Invocations
 + Level 0.9 Evocations


You had 4 spell levels left.
You knew the following spells:

 Your Spells              Type           Power        Failure   Level  Hunger
a - Pain                  Necr           ####         1%          1    None
d - Vampiric Draining     Necr           ####......   1%          3    ##.....
n - Animate Skeleton      Necr           N/A          1%          1    None
r - Regeneration          Chrm/Necr      ###.......   9%          3    ##.....


Dungeon Overview and Level Annotations

Branches:
Dungeon (2/15)

Altars:


Innate Abilities, Weirdness & Mutations

Your experience applies equally to all skills.
You have very sharp teeth.
Your uncanny sense of smell can sniff out nearby items.


Message History

a club; a whip; a gnoll corpse Memorise Regeneration, consuming 3 spell levels and leaving 8?
You start memorising the spell.
You continue memorising. x3
You finish memorising.
Spell assigned to 'r'.
Casting: Pain
Confirm with . or Enter, or press ? or * to list all spells.
Your skin crawls.
Memorise Animate Skeleton, consuming 1 spell level and leaving 7?
You start memorising the spell.
You continue memorising.
You finish memorising.
Spell assigned to 'n'.
Memorise Vampiric Draining, consuming 3 spell levels and leaving 4?
You start memorising the spell.
You continue memorising. x3
You finish memorising.
Spell assigned to 'v'.
Adjust (i)tems, (s)pells, or (a)bilities?
Adjust which spell? v - Vampiric Draining Adjust to which letter? d - Vampiric Draining Your skin is crawling a little less now.
You see here a flail.
h - a flail Your skin stops crawling.
You see here a stone.
f - 39 stones (gained 1)
A dart slug comes into view.
Found a ration.
Casting: Regeneration
Confirm with . or Enter, or press ? or * to list all spells.
Aiming: Pain
Press: ? - help, Shift-Dir - straight line, f - dart slug
Aim: a dart slug (resting, chance to defeat MR: 93%)
The dart slug writhes in agony!
Casting: Pain
Confirm with . or Enter, or press ? or * to list all spells.
Aiming: Pain
Press: ? - help, Shift-Dir - straight line, f/p - dart slug
Aim: a dart slug (moderately wounded, chance to defeat MR: 93%)
The dart slug writhes in agony!
You kill the dart slug!
You see here a ration.
c - 3 rations (gained 1)
A bat comes into view.
The bat closely misses you.
Casting: Pain
Confirm with . or Enter, or press ? or * to list all spells.
Aiming: Pain
Press: ? - help, Shift-Dir - straight line, f - bat
Aim: a bat (chance to defeat MR: 93%)
The bat writhes in agony!
The bat closely misses you.
Casting: Pain
Confirm with . or Enter, or press ? or * to list all spells.
Aiming: Pain
Press: ? - help, Shift-Dir - straight line, f/p - bat
Aim: a bat (severely wounded, chance to defeat MR: 93%)
The bat writhes in agony!
You kill the bat!
You open the door.
There is an open door here.
You open the door.
There is an open door here.
A bat comes into view.
Really attack while wielding your +0 hunting sling? [Y]es or [N]o only, please.
Really attack while wielding your +0 hunting sling? [Y]es or [N]o only, please.
Really attack while wielding your +0 hunting sling?
Okay, then.
Unknown command.
Casting: Pain
Confirm with . or Enter, or press ? or * to list all spells.
Aiming: Pain
Press: ? - help, Shift-Dir - straight line, f - bat
Aim: a bat (resting, chance to defeat MR: 93%)
The bat writhes in agony!
You kill the bat!
You see here a bat corpse.
Magic restored.
Found 9 stones.
A giant cockroach comes into view.
Casting: Pain
Confirm with . or Enter, or press ? or * to list all spells.
You can't see any susceptible monsters within range! (Use Z to cast anyway.)
Casting: Pain
Confirm with . or Enter, or press ? or * to list all spells.
Aiming: Pain
Press: ? - help, Shift-Dir - straight line, f - giant cockroach
Aim: a giant cockroach (clinging, chance to defeat MR: 93%)
The giant cockroach writhes in agony!
Casting: Pain
Confirm with . or Enter, or press ? or * to list all spells.
Aiming: Pain
Press: ? - help, Shift-Dir - straight line, f/p - giant cockroach
Aim: a giant cockroach (severely wounded, clinging, chance to defeat MR: 93%)
The giant cockroach writhes in agony!
You kill the giant cockroach!
You see here 9 stones.
f - 48 stones (gained 9) Magic restored.
HP restored.
Are you sure you want to abandon this character and quit the game? (Confirm with "yes".)

#######........#
#.....#..≈≈.≈..#
#.###.'..≈.#...+
#.# #.'...#.≈.)+
#.#...#..≈.≈≈..#
#.#####........#
#.....#........#
##########''####
#.##..#@#
#.###.#.# #.#
#.#.# #.# #.#.#
#.# #.#.# #.#
#.#.# #.###.#.#
#<....#.#
################.#


There were no monsters in sight!

Vanquished Creatures
  3 gnolls (D:2)
  A dart slug (D:2)
  7 bats
  A giant cockroach (D:2)
  A goblin (D:2)
  2 hobgoblins
15 creatures vanquished.

Notes
Turn   | Place    | Note
-------+----------+-------------------------------------------
     0 | D:1      | tidbits the Gnoll Necromancer began the quest for the Orb.
     0 | D:1      | Reached XP level 1. HP: 13/13 MP: 6/6
    73 | D:2      | Reached XP level 2. HP: 13/19 MP: 3/7
   195 | D:2      | Reached skill level 5 in Spellcasting
   195 | D:2      | Reached XP level 3. HP: 7/25 MP: 2/9
   197 | D:2      | HP: 2/25 [gnoll/club (2)]
   200 | D:2      | Reached skill level 1 in Invocations
   206 | D:2      | Learned a level 3 spell: Regeneration
   209 | D:2      | Learned a level 1 spell: Animate Skeleton
   213 | D:2      | Learned a level 3 spell: Vampiric Draining
   390 | D:2      | Quit the game

Vault maps used:
D:1:      onia_arrival_mini_spirals
D:2:      lemuel_doored_altar, minmay_misc_feat_five, corexii_corridor_pit,
          kennysheep_generic_room_4, uniq_natasha

Skill      XL: |  1  2  3 |
---------------+----------+-----
Spellcasting   | 5 |  5.0
Invocations    | 1 |  1.0
Fighting       | |  0.9
Short Blades   | |  0.9
Long Blades    | |  0.9
Axes           | |  0.9
Maces & Flails | |  0.9
Polearms       | |  0.9
Staves         | |  0.9
Slings         | |  0.9
Bows           | |  0.9
Crossbows      | |  0.9
Throwing       | |  0.9
Armour         | |  0.9
Dodging        | |  4.5
Stealth        | |  4.2
Shields        | |  0.9
Unarmed Combat | |  0.9
Conjurations   | |  0.6
Hexes          | |  0.6
Charms         | |  0.6
Summonings     | |  0.6
Necromancy     | |  7.1
Translocations | |  0.6
Transmutations | |  0.6
Fire Magic     | |  0.6
Ice Magic      | |  0.6
Air Magic      | |  0.6
Earth Magic    | |  0.6
Poison Magic   | |  0.6
Evocations     | |  0.9

Action                   || total
-------------------------++-------
 Fire: Hunting sling     ||     3
 Cast: Pain              ||    28
       Regeneration      ||     1
  Use: Potion            ||     1
Armor: Robe              ||     1
Dodge: Dodged            ||     7

Table legend:
 A = Spawn XP
 B = Non-spawn XP
 C = Spawn XP percentage of total XP
 D = Spawn monster count
 E = Non-spawn monster count
 F = Spawn count percentage of total count
 G = Total turns spent on level
                    A         B        C        D         E        F      G
               +---------+---------+-------+---------+---------+-------+---------
         Total |       0 |      67 |   0.0 |       0 |      15 |   0.0 |   390
               +---------+---------+-------+---------+---------+-------+---------
           D:1 |       0 |       9 |   0.0 |       0 |       5 |   0.0 |    57
           D:2 |       0 |      58 |   0.0 |       0 |      10 |   0.0 |   333
               +---------+---------+-------+---------+---------+-------+---------

Table legend:
 A = Turns spent in this place as a percentage of turns spent in the entire game.
 B = Non-inter-level travel turns spent in this place as a percentage of non-inter-level travel turns spent in the entire game.
 C = Inter-level travel turns spent in this place as a percentage of turns spent in this place.
 D = Turns resting spent in this place as a percentage of non-inter-level travel turns spent in this place.
 E = Turns spent auto-exploring this place as a percentage of non-inter-level travel turns spent in this place.
 F = Non-inter-level travel turns spent in this place divided by the number of levels of this place that you've seen.
                   A       B       C       D       E      F
               +-------+-------+-------+-------+-------+----------------------
         Total | 100.0 | 100.0 |   3.6 |   0.0 |   0.0 | 188.0
       Dungeon | 100.0 | 100.0 |   3.6 |   0.0 |   0.0 | 188.0
               +-------+-------+-------+-------+-------+----------------------

Table legend:
 A = Kills in this place as a percentage of kills in entire the game.
 B = Kills by you in this place as a percentage of kills by you in the entire game.
 C = Kills by friends in this place as a percentage of kills by friends in the entire game.
 D = Other kills in this place as a percentage of other kills in the entire game.
 E = Experience gained in this place as a percentage of experience gained in the entire game.
 F = Experience gained in this place divided by the number of levels of this place that you have seen.
                   A       B       C       D       E      F
               +-------+-------+-------+-------+-------+----------------------
         Total | 100.0 | 100.0 |   N/A |   N/A | 100.0 |  33.5
       Dungeon | 100.0 | 100.0 |   N/A |   N/A | 100.0 |  33.5
               +-------+-------+-------+-------+-------+----------------------

Vault maps used:
D:1:      onia_arrival_mini_spirals
D:2:      lemuel_doored_altar, minmay_misc_feat_five, corexii_corridor_pit,
          kennysheep_generic_room_4, uniq_natasha
